 Dungeon Crawl Stone Soup version 0.29-a0-317-gd16b76e6b1 (webtiles) character file.

Game seed: 158992563805391419

175 Murumi the Skirmisher (level 5, -12/42 HPs)
             Began as a Formicid Abyssal Knight on Mar 30, 2022.
             Was a Priest of Lugonu.
             Mangled by an ogre
             ... wielding a +0 giant spiked club
              (25 damage)
             ... on level 3 of the Dungeon.
             The game lasted 00:05:39 (1469 turns).

Murumi the Skirmisher (Formicid Abyssal Knight)     Turns: 1469, Time: 00:05:40

Health: -12/42     AC:  5    Str: 20    XL:     5   Next: 85%
Magic:  7/7        EV: 10    Int:  9    God:    Lugonu [***...]
Gold:   124        SH:  0    Dex: 11    Spells: 4/4 levels left

rFire   . . .      SeeInvis +   i - +0 trident (spect)
rCold   . . .      Faith    .   (no shield)
rNeg    . . .      Spirit   .   f - +0 ring mail
rPois   .          Reflect  .   (helmet unavailable)
rElec   .          Harm     .   (no cloak)
rCorr   .          Rampage  .   (no gloves)
Will    .....                   (no boots)
Stlth   +.........              g - amulet of regeneration
HPRegen 0.94/turn               (no ring)
MPRegen 0.10/turn               (no ring)

@: no status effects
A: permanent stasis, dig shafts and tunnels, antennae 3, four strong arms
a: Dig, Shaft Self, Renounce Religion, Depart the Abyss, Bend Space, Banish


You were on level 3 of the Dungeon.
You worshipped Lugonu.
Lugonu was most pleased with you.
You visited 1 branch of the dungeon, and saw 3 of its levels.
You visited the Abyss 1 time.

You collected 124 gold pieces.

Inventory:

Hand Weapons
 i - a +0 spectral trident (weapon)
Armour
 f - a +0 ring mail (worn)
Jewellery
 g - an amulet of regeneration (around neck)
Potions
 a - 2 potions of berserk rage {unknown}
 b - a potion of brilliance {unknown}
 c - a potion of magic {unknown}
 d - 2 potions of curing {unknown}
 e - a potion of lignification {unknown}
 h - a potion of invisibility {unknown}
 j - a potion of resistance {unknown}
 k - a potion of flight {unknown}


   Skills:
 - Level 4.0 Fighting
 - Level 3.0 Polearms
 - Level 4.0 Armour
 - Level 1.0 Dodging
 + Level 2.7 Stealth
 - Level 3.0 Invocations


You had 4 spell levels left.
You didn't know any spells.
Your spell library contained the following spells:

 Spells                   Type           Power      Damage    Failure   Level
 Foxfire                  Conj/Fire      0%         2x1d4     54%         1
 Static Discharge         Conj/Air       0%         N/A       69%         2
 Conjure Flame            Conj/Fire      0%         6-21      89%         3
 Inner Flame              Hex/Fire       0%         N/A       89%         3
 Flame Wave               Conj/Fire      0%         2d4       100%        4
 Lightning Bolt           Conj/Air       0%         1d11      100%        5
 Maxwell's Capacitive Co  Air            0%         ∞         100%        8


Dungeon Overview and Level Annotations

Branches:
Dungeon (3/15)

Altars:


Innate Abilities, Weirdness & Mutations

You cannot be hasted, slowed, berserked, paralysed or teleported.
You can dig through walls and to a lower floor.
You have a pair of large antennae on your head. (SInv)
Your four strong arms can wield two-handed weapons with a shield.


Message History

Ijyb throws a stone.
The stone hits you.
Ijyb throws a stone.
The stone hits you.
The ogre shouts!
You reach to attack!
You hit Ijyb but do no damage.
Your +0 spectral trident hits Ijyb.
Ijyb throws a stone.
The stone hits your +0 spectral trident but does no damage.
You could not reach far enough!
Ijyb zaps a wand.
The mass of ice explodes!
The iceblast engulfs you but does no damage.
You reach to attack!
You barely miss Ijyb.
Ijyb is moderately wounded.
Your +0 spectral trident hits Ijyb!
Ijyb screams at your +0 spectral trident, "Level is mine!
All mine!"
Ijyb zaps a wand.
The mass of ice explodes!
The iceblast engulfs your +0 spectral trident!
Your +0 spectral trident partially resists.
Your spectral weapon shares its damage with you!
The iceblast engulfs you!
The iceblast engulfs Ijyb!
Ijyb dies!
Training target 4.0 for Armour reached!
Your Armour skill increases to level 4!
You need to enable at least one skill for training.
You could not reach far enough!
You hit the ogre.
The ogre is lightly wounded.
Your +0 spectral trident barely misses the ogre.
The ogre hits you with a +0 giant spiked club.
Press: ? - help, Shift-Dir - straight line, f/p - ogre
Aim: an ogre, wielding a +0 giant spiked club (lightly wounded, chance to affect: 81%)
You fail to use your ability.
The ogre hits you with a +0 giant spiked club!
* * * LOW HITPOINT WARNING * * *
Press: ? - help, Shift-Dir - straight line, f/p - ogre
Aim: an ogre, wielding a +0 giant spiked club (lightly wounded, chance to affect: 81%)
You fail to use your ability.
Press: ? - help, Shift-Dir - straight line, f/p - ogre
Aim: an ogre, wielding a +0 giant spiked club (lightly wounded, chance to affect: 81%)
You fail to use your ability.
The ogre hits you with a +0 giant spiked club!!
Ouch! That really hurt!
You die...

....<....# #... #....#
.###.....# #g..###....#...
#.....# #...#.g<.......
#.#'### #...#.#g#..####
#.#.# #...#.)Og..... #.#)#
#.g..........## ..#)#
#..............
###.############..#<.......
..
#..........@O)......#.....
#
###################.#......
.# #


You could see an ogre.

Vanquished Creatures
  8 gnolls
  2 adders
  A worm (D:2)
  3 ball pythons
  4 bats
  3 endoplasms (D:2)
  2 giant cockroaches
  9 goblins (D:2)
  7 hobgoblins
  2 quokkas (D:2)
  4 frilled lizards
  2 kobolds
  3 rats
50 creatures vanquished.

Vanquished Creatures (others)
  Ijyb (D:3)
1 creature vanquished.

Grand Total: 51 creatures vanquished

Notes
Turn   | Place    | Note
-------+----------+-------------------------------------------
     0 | Abyss:1  | Murumi the Formicid Abyssal Knight began the quest for the
                  | Orb.
     0 | Abyss:1  | Reached XP level 1. HP: 18/18 MP: 2/2
    51 | Abyss:1  | Noticed a chaos spawn
    52 | D:1      | Escaped the Abyss
   105 | D:1      | Reached skill level 1 in Dodging
   151 | D:1      | Found a faded altar of an unknown god.
   157 | D:1      | Reached XP level 2. HP: 25/25 MP: 3/3
   598 | D:2      | Reached XP level 3. HP: 30/30 MP: 4/4
   972 | D:2      | Reached skill level 1 in Stealth
   972 | D:2      | Reached XP level 4. HP: 24/37 MP: 6/6
  1296 | D:3      | Noticed Ijyb
  1324 | D:3      | Noticed an ogre
  1326 | D:3      | Reached XP level 5. HP: 42/42 MP: 7/7
  1378 | D:3      | Reached *** piety under Lugonu
  1464 | D:3      | Killed Ijyb
  1469 | D:3      | Mangled by an ogre

Illustrated notes

Levels and vault maps discovered:
D:1:      shiori_shiawase, layout_rooms, shapermc_ecumenical_altar_pompeii
D:2:      kennysheep_the_goblin_king, layout_basic
D:3:      layout_basic, vehumet_altar_wand_db, uniq_ijyb

Skill      XL: |  1  2  3  4  5 |
---------------+----------------+-----
Dodging        | 1 |  1.0
Fighting       | 4 |  4.0
Armour         | 3 4 |  4.0
Invocations    | 3 |  3.0
Stealth        | 1 2 |  2.7
Polearms       | 3 |  3.0

Action                   |  1- 3 |  4- 6 || total
-------------------------+-------+-------++-------
Melee: Spear             |    63 |       ||    63
       Trident           |    20 |    32 ||    52
       Punch             |     2 |       ||     2
Invok: Depart the Abyss  |     1 |       ||     1
  Use: Scroll            |     3 |     2 ||     5
Armor: Leather armour    |     7 |       ||     7
       Ring mail         |     5 |     8 ||    13
Dodge: Dodged            |    32 |     2 ||    34

Table legend: (Time is in decaauts)
 A = Elapsed time spent in this place.
 B = Non-inter-level travel time spent in this place.
 C = Inter-level travel time spent in this place.
 D = Time resting spent in this place.
 E = Time spent auto-exploring this place.
 F = Levels seen in this place.
 G = Mean time per level.
                   A        B        C        D        E       F      G
               +--------+--------+--------+--------+--------+-----+--------+
         Total |   1482 |   1324 |    158 |      0 |    972 |   4 |  370.5 |
       Dungeon |   1430 |   1272 |    158 |      0 |    923 |   3 |  476.7 |
         Abyss |     52 |     52 |      0 |      0 |     49 |   1 |   52.0 |
               +--------+--------+--------+--------+--------+-----+--------+

Top non-repeatable levels by time:
     D:2: 842 daAuts
     D:1: 469 daAuts
     D:3: 118 daAuts
 Abyss:1: 52 daAuts
